 Dungeon Crawl Stone Soup version 0.27.0-1-g7a089689b8 (webtiles) character file.

Game seed: 7831487705319005870

2583 kalagan the Thaumaturge (level 9, -8/43 (45) HPs)
             Began as a Deep Elf Conjurer on Aug 15, 2021.
             Was a Follower of Sif Muna.
             Shot with an arrow by a centaur warrior (23 damage)
             ... on level 8 of the Dungeon.
             The game lasted 00:22:04 (9875 turns).

kalagan the Thaumaturge (Deep Elf Conjurer)         Turns: 9875, Time: 00:22:05

HP:   -8/43 (45)    AC:  5    Str:  7    XL:     9   Next: 32%
MP:   11/23         EV: 18    Int: 24    God:    Sif Muna [*.....]
Gold: 256           SH:  0    Dex: 13    Spells: 8/25 levels left

rFire    . . .     SeeInvis .   o - +5 dagger (drain)
rCold    . . .     Faith    .   (no shield)
rNeg     . . .     Spirit   .   a - +0 robe
rPois    +         Reflect  .   (no helmet)
rElec    .         Harm     .   (no cloak)
rCorr    .         Rampage  .   f - +0 pair of gloves
Will     .....                  k - +1 pair of boots
Stlth    +++.......             (no amulet)
HPRegen  0.14/turn              C - +4 ring of evasion
MPRegen  0.18/turn              c - ring of poison resistance

@: mighty, lightly drained
A: no striking features
a: Renounce Religion, Channel Magic


You were on level 8 of the Dungeon.
You worshipped Sif Muna.
Sif Muna was aware of your devotion.
You visited 2 branches of the dungeon, and saw 9 of its levels.

You collected 256 gold pieces.

Inventory:

Hand Weapons
 o - a +5 dagger of draining (weapon)
Missiles
 l - a throwing net
Armour
 a - a +0 robe (worn)
 f - a +0 pair of gloves (worn)
 h - a +0 chain mail of fire resistance
 k - a +1 pair of boots (worn)
 t - a +2 leather armour of poison resistance
 A - a +0 leather armour of cold resistance
Jewellery
 c - a ring of poison resistance (right hand)
 g - a ring of resist corrosion
 z - a ring of see invisible
 C - a +4 ring of evasion (left hand)
Wands
 r - a wand of flame (26)
 u - a wand of paralysis (6)
 y - a wand of charming (11)
Scrolls
 e - a scroll of enchant armour
 i - a scroll of fog
 j - 3 scrolls of magic mapping
 p - a scroll of acquirement {unknown}
 s - a scroll of teleportation
Potions
 b - 3 potions of lignification
 d - a potion of invisibility
 m - 2 potions of resistance
 n - a potion of might
 q - a potion of cancellation
 v - a potion of berserk rage {unknown}
 x - a potion of heal wounds
 B - a potion of curing


   Skills:
 + Level 1.5 Armour
 + Level 5.7 Dodging
 + Level 6.0 Stealth
 * Level 8.6 Spellcasting
 * Level 8.2 Conjurations
 + Level 6.5 Hexes
 * Level 3.8 Translocations
 - Level 1.0 Evocations


You had 8 spell levels left.
You knew the following spells:

 Your Spells              Type           Power      Damage    Failure   Level
a - Magic Dart            Conj           100%       1d8       1%          1
b - Searing Ray           Conj           98%        3d7       1%          2
c - Dazzling Flash        Conj/Hex       90%        N/A       1%          3
d - Fulminant Prism       Conj/Hex       22%        3d13      3%          4
e - Iskenderun's Mystic   Conj/Tloc      39%        2d9       4%          4
D - Tukima's Dance        Hex            41%        N/A       1%          3

Your spell library contained the following spells:

 Spells                   Type           Power      Damage    Failure   Level
 Gell's Gravitas          Tloc           14%        N/A       3%          3
 Teleport Other           Tloc           28%        N/A       3%          3
 Animate Skeleton         Necr           20%        N/A       6%          1
 Pain                     Necr           40%        1d6       6%          1
 Corpse Rot               Necr/Air       N/A        N/A       10%         2
 Passwall                 Tmut/Erth      8%         N/A       10%         2
 Poisonous Vapours        Pois/Air       20%        N/A       10%         2
 Passage of Golubria      Tloc           N/A        N/A       13%         4
 Ozocubu's Armour         Ice            10%        N/A       19%         3
 Swiftness                Air            10%        N/A       19%         3
 Vampiric Draining        Necr           5%         2d6       19%         3
 Yara's Violent Unravell  Hex/Tmut       13%        3d7       41%         5
 Freezing Cloud           Conj/Ice/Air   11%        6-21      50%         5
 Invisibility             Hex            20%        N/A       54%         6
 Dispersal                Tloc           14%        N/A       89%         6
 Ozocubu's Refrigeration  Ice            5%         4d6       100%        7


Dungeon Overview and Level Annotations

Branches:
Dungeon (8/15)             Temple (1/1) D:6
   Lair: D:8-11

Altars:
Ashenzari
Cheibriados
Dithmenos
Elyvilon
Fedhas
Gozag
Hepliaklqana
Kikubaaqudgha
Nemelex Xobeh
Okawaru
Qazlal
Ru
Sif Muna
Trog
Uskayaw
Vehumet
Wu Jian
Xom
Yredelemnul
Zin
The Shining One


Message History

Magic restored.
A cyclops is nearby!
Casting: Searing Ray (safe; 1% risk of failure)
Confirm with . or Enter, or press ? or * to list all spells.
The cyclops is dazzled.
Unknown command.
Casting: Dazzling Flash (safe; 1% risk of failure)
Confirm with . or Enter, or press ? or * to list all spells.
Aiming: Fulminant Prism (dangerous; 3% risk of failure)
Press: ? - help, Dir - move target You conjure a prism of explosive energy!
A fulminant prism comes into view.
You hear a shout! x2
Unknown command.
Your fulminant prism crackles loudly.
Unknown command.
Your fulminant prism explodes!
The blast of energy engulfs the cyclops!
The cyclops is lightly wounded.
You hear a shout!
You hear a howl!
You hear a shout!
Unknown command.
You feel very mighty all of a sudden.
The cyclops is no longer blind.
The cyclops misses you.
Unknown command.
Unknown command.
Casting: Fulminant Prism (dangerous; 3% risk of failure)
Confirm with . or Enter, or press ? or * to list all spells.
The cyclops hits you!!
Ouch! That really hurt!
Unknown command.
Unknown command.
Casting: Dazzling Flash (safe; 1% risk of failure)
Confirm with . or Enter, or press ? or * to list all spells.
The cyclops is dazzled.
The centaur warrior wields a +0 shortbow of freezing.
It is covered in frost.
The centaur warrior shoots an arrow.
The arrow completely misses you.
The centaur warrior shoots an arrow.
The arrow hits you!!
Ouch! That really hurt!
You die...

##### #...# #...# #######
#...# ##(.....
##############[..# #.......
.........C...)...###.......
........†.@..÷.....#.......
..#####c#####..............
#....#....#####..........
#.##...##.# ###....#.#. #.
#...##.# ##...#.#.
#...###...##### ##....#.
..#..#(#..#....# #......
#.).#.#)..###..# ##.....
#.##...##.# .# #.....


You could see a centaur warrior and a cyclops (blind).

Vanquished Creatures
  Eustachio (D:4)
  2 sky beasts
  A black bear (D:6)
  An ogre (D:6)
  3 centaurs
  A phantom (D:4)
  A gnoll sergeant (D:5)
  6 scorpions
  4 bullfrogs
  2 wyvern zombies
  A water moccasin skeleton (D:5)
  2 wights (D:6)
  A bullfrog zombie (D:3)
  2 gnoll shamans
  3 jellies
  3 hounds
  An orc priest (D:7)
  A bullfrog skeleton (D:7)
  Jessica (D:3)
  2 iguanas
  3 orc wizards
  A scorpion zombie (D:5)
  A killer bee zombie (D:8)
  10 gnolls
  4 adders
  4 white imps
  2 adder skeletons (D:4)
  A worm (D:4)
  2 dart slugs
  16 orcs
  6 ball pythons
  A bat (D:1)
  7 endoplasms (D:1)
  9 giant cockroaches
  A goblin (D:2)
  3 hobgoblins
  17 jackals
  5 quokkas
  A frilled lizard (D:3)
  3 kobolds
  3 rats
139 creatures vanquished.

Vanquished Creatures (collateral kills)
  3 wights
  An orc priest (D:7)
  9 orcs
13 creatures vanquished.

Vanquished Creatures (others)
  9 dancing weapons
  6 fulminant prisms
  11 plants (D:4)
26 creatures vanquished.

Grand Total: 178 creatures vanquished

Notes
Turn   | Place    | Note
-------+----------+-------------------------------------------
     0 | D:1      | kalagan the Deep Elf Conjurer began the quest for the Orb.
     0 | D:1      | Reached XP level 1. HP: 10/10 MP: 6/6
     1 | D:1      | Found a runed translucent door.
   350 | D:1      | Reached XP level 2. HP: 15/15 MP: 6/8
   353 | D:1      | Learned a level 2 spell: Searing Ray
   622 | D:1      | Found a faded altar of an unknown god.
  1298 | D:1      | Reached XP level 3. HP: 16/19 MP: 5/10
  2272 | D:3      | Reached skill level 5 in Conjurations
  2327 | D:3      | Learned a level 3 spell: Dazzling Flash
  2383 | D:3      | Noticed Jessica
  2396 | D:3      | Killed Jessica
  2397 | D:3      | Reached XP level 4. HP: 10/24 MP: 8/12
  2401 | D:3      | Reached skill level 1 in Hexes
  2414 | D:3      | Reached XP level 5. HP: 3/28 MP: 0/13
  3136 | D:3      | Reached skill level 5 in Spellcasting
  3308 | D:3      | Reached XP level 6. HP: 24/32 MP: 9/15
  3313 | D:3      | Learned a level 4 spell: Fulminant Prism
  3317 | D:3      | Learned a level 3 spell: Tukima's Dance
  4944 | D:5      | Entered Level 5 of the Dungeon
  5079 | D:5      | Reached XP level 7. HP: 30/36 MP: 8/17
  5084 | D:5      | Learned a level 4 spell: Iskenderun's Mystic Blast
  5598 | D:5      | Noticed Eustachio
  5622 | D:4      | Killed Eustachio
  6133 | D:5      | Reached skill level 1 in Evocations
  6814 | D:6      | Reached skill level 1 in Armour
  6876 | D:6      | Reached skill level 5 in Hexes
  6876 | D:6      | Reached XP level 8. HP: 29/41 MP: 14/20
  7169 | D:6      | Found a staircase to the Ecumenical Temple.
  7195 | D:6      | Reached skill level 5 in Stealth
  7202 | Temple   | Entered the Ecumenical Temple
  7326 | Temple   | Became a worshipper of Sif Muna the Loreminder
  7490 | D:6      | Reached skill level 1 in Translocations
  7725 | D:6      | Reached skill level 5 in Dodging
  8360 | D:7      | Reached * piety under Sif Muna
  8481 | D:7      | Reached XP level 9. HP: 45/45 MP: 19/23
  9836 | D:8      | Noticed a cyclops
  9838 | D:8      | Noticed a centaur warrior
  9875 | D:8      | Shot with an arrow by a centaur warrior

Illustrated notes

Levels and vault maps discovered:
D:1:      dpeg_arrival_caged_fury, layout_basic,
          dreamdust_ecumenical_altar_grove, serial_bayou_pond_a,
          minmay_misc_feat_doors, hangedman_decor_opposing
D:2:      layout_loops_ring, minmay_misc_feat_roman
D:3:      layout_loops_cross, uniq_jessica
D:4:      layout_gridville, serial_bayou_lagoon_a
D:5:      layout_cave_pods, corexii_leaking_fountain,
          minmay_misc_feat_diagonals, uniq_eustachio
D:6:      layout_loops_cross, minmay_temple_entry_arrows
D:7:      layout_loops_cross, grunt_ministairs_2, solitary_fountain, minivault_4
D:8:      minmay_the_grid_plus_closed [minmay_the_grid_small_cups,
          minmay_the_grid_square_x, minmay_the_grid_aliased_spiral,
          minmay_the_grid_armoury,
          minmay_the_grid_prize_four_corners_diamond_b], layout_basic,
          david_lair_shrubbed
Temple:   kilobyte_greek_temple

Skill      XL: |  1  2  3  4  5  6  7  8  9 |
---------------+----------------------------+-----
Stealth        | 3 4 5 6 |  6.0
Dodging        | 3 4 5 |  5.7
Spellcasting   | 4 5 6 8 |  8.6
Conjurations   | 5 6 7 8 |  8.2
Hexes          | 1 2 4 5 6 |  6.5
Evocations     | 1 |  1.0
Armour         | 1 |  1.5
Translocations | 3 |  3.8

Action                   |  1- 3 |  4- 6 |  7- 9 || total
-------------------------+-------+-------+-------++-------
Melee: Short sword       |     1 |     1 |       ||     2
       Dagger            |       |    24 |    48 ||    72
 Cast: Magic Dart        |    61 |    82 |    35 ||   178
       Searing Ray       |     3 |     5 |    29 ||    37
       Tukima's Dance    |       |     4 |    29 ||    33
       Fulminant Prism   |       |       |     6 ||     6
       Dazzling Flash    |       |       |     3 ||     3
Evoke: Wand              |       |       |     3 ||     3
  Use: Potion            |       |     1 |     2 ||     3
       Scroll            |       |       |    15 ||    15
 Stab: Sleeping          |     1 |     2 |     6 ||     9
Armor: Robe              |     1 |     4 |    22 ||    27
Dodge: Dodged            |    22 |    32 |    68 ||   122
